 Dungeon Crawl Stone Soup version 0.21.1-1-g345015f (webtiles) character file.

2570 eccles the Cleaver (level 9, -6/121 HPs)
             Began as a Minotaur Berserker on June 5, 2018.
             Was an Elder of Trog.
             Mangled by an orc warrior
             ... wielding a +0 battleaxe
              (22 damage)
             ... on level 7 of the Dungeon on June 6, 2018.
             The game lasted 00:28:58 (4798 turns).

eccles the Cleaver (Minotaur Berserker)             Turns: 4798, Time: 00:28:59

Health: -6/121     AC: 13    Str: 27    XL:     9   Next: 32%
Magic:  8/8        EV: 11    Int:  4    God:    Trog [****..]
Gold:   329        SH:  0    Dex: 13    Spells: 8/8 levels left

rFire    . . .     SeeInvis .   a - +1 hand axe
rCold    . . .     Gourm    .   (no shield)
rNeg     . . .     Faith    .   n - +0 chain mail
rPois    .         Spirit   .   (helmet restricted)
rElec    .         Reflect  .   q - +0 cloak
rCorr    .         Harm     .   (no gloves)
MR       .....                  t - +0 pair of boots
Stlth    ..........             (no amulet)
HPRegen  0.30/turn              (no ring)
MPRegen  0.11/turn              (no ring)

@: berserking, very quick
A: retaliatory headbutt, horns 2
a: Berserk, Trog's Hand, Brothers in Arms, Burn Spellbooks, Renounce Religion


You were on level 7 of the Dungeon.
You worshipped Trog.
Trog was greatly pleased with you.
You were hungry.

You visited 1 branch of the dungeon, and saw 7 of its levels.

You collected 329 gold pieces.

Inventory:

Hand Weapons
 a - a +1 hand axe (weapon)
 r - a +0 mace
 v - a +2 dire flail of protection
Missiles
 s - 3 tomahawks (quivered)
Armour
 b - a +0 animal skin
 i - a +1 ring mail
 n - a +0 chain mail (worn)
 q - a +0 cloak (worn)
 t - a +0 pair of boots (worn)
Jewellery
 p - a cursed ring of wizardry
Wands
 o - a wand of disintegration (5)
Scrolls
 e - 3 scrolls of teleportation
 h - 8 scrolls of identify
 j - 2 scrolls of fear
 k - 2 scrolls of enchant weapon
 u - a scroll of remove curse
Potions
 d - a potion of brilliance {unknown}
 f - 2 potions of curing
 g - a potion of degeneration
 m - a potion of invisibility {unknown}
Comestibles
 c - 8 rations


   Skills:
 * Level 8.0 Fighting
 * Level 10.6 Axes
 + Level 8.1 Armour
 + Level 4.1 Dodging
 + Level 1.1 Stealth


You had 8 spell levels left.
You didn't know any spells.

Dungeon Overview and Level Annotations

Branches:
Dungeon (7/15)             Temple (0/1) D:4

Altars:
Elyvilon
Hepliaklqana
Makhleb
Qazlal
Uskayaw
Wu Jian
Xom


Innate Abilities, Weirdness & Mutations

You reflexively headbutt those who attack you in melee.
You have a pair of horns on your head.


Message History

The scorpion stings you but does no damage.
Something hits you but does no damage.
You slash the scorpion!
The scorpion is almost dead.
You slash something!
You hit the orc warrior but do no damage.
The scorpion stings you but does no damage.
Something hits you but does no damage. The orc warrior misses you.
You closely miss the scorpion.
The scorpion is almost dead.
You hit the orc warrior but do no damage.
You miss something. The scorpion misses you. You furiously retaliate!
You headbutt the scorpion!!
You kill the scorpion!
Trog accepts your kill.
Your Fighting skill increases to level 8!
Something hits you but does no damage.
You barely miss something. You hit the orc warrior.
The orc warrior hits you with a battleaxe!!
You die...

#.(............
#.[..).........
#..............
#..............
#......<#
#.......#
#.......#
#####..## #@{#
#o)# #..# ....
.!.... ....#.#
...#...# #._
##.#


You could see an orc warrior.

Vanquished Creatures
  Pikel (D:6)
  Edmund (D:6)
  Duvessa (D:4)
  A phantom (D:4)
  An ogre (D:6)
  A sky beast (D:5)
  2 centaurs (D:6)
  2 bullfrogs (D:6)
  Dowan (D:4)
  5 scorpions
  5 wights (D:6)
  A howler monkey (D:4)
  4 crimson imps
  2 orc priests
  The ghost of amentoraz the Sneak, a weakling SpEn (D:3)
  A bullfrog skeleton (D:5)
  3 hounds
  Crazy Yiuf (D:3)
  3 orc wizards
  4 worker ants
  A howler monkey zombie (D:6)
  2 worker ant zombies (D:5)
  4 gnolls
  8 adders
  A howler monkey skeleton (D:4)
  An ooze (D:5)
  4 worms (D:2)
  2 dart slugs
  2 leopard geckos
  10 orcs
  7 bats
  4 giant cockroaches
  4 goblins (D:1)
  7 hobgoblins
  18 jackals
  9 kobolds
  A quokka (D:4)
  4 ball pythons
  A ball python skeleton (D:5)
  4 frilled lizards
  A leopard gecko skeleton (D:5)
  A quokka skeleton (D:5)
  A quokka zombie (D:5)
  6 rats
144 creatures vanquished.

Vanquished Creatures (others)
  A slave (D:6)
  A centaur zombie (D:6)
  A giant cockroach (D:6)
3 creatures vanquished.

Grand Total: 147 creatures vanquished

Notes
Turn   | Place    | Note
-------+----------+-------------------------------------------
     0 | D:1      | eccles the Minotaur Berserker began the quest for the Orb.
     0 | D:1      | Reached XP level 1. HP: 19/19 MP: 0/0
    39 | D:1      | Reached skill level 4 in Axes
    39 | D:1      | Reached XP level 2. HP: 20/27 MP: 1/1
   613 | D:1      | Reached XP level 3. HP: 33/33 MP: 2/2
   834 | D:1      | Reached ** piety under Trog
  1501 | D:2      | Reached XP level 4. HP: 41/41 MP: 3/3
  1753 | D:2      | Found a shimmering altar of Xom.
  1788 | D:2      | Found a burning altar of Makhleb.
  1788 | D:2      | Found a stormy altar of Qazlal.
  1799 | D:2      | Found a hide-covered altar of Uskayaw.
  1983 | D:3      | Reached skill level 5 in Axes
  2356 | D:3      | Found a runed door.
  2360 | D:3      | Noticed Crazy Yiuf
  2363 | D:3      | Killed Crazy Yiuf
  2363 | D:3      | Reached XP level 5. HP: 35/47 MP: 4/4
  2394 | D:3      | Noticed amentoraz's ghost (weakling SpEn)
  2408 | D:3      | Killed amentoraz's ghost
  2659 | D:4      | Noticed Duvessa
  2659 | D:4      | Noticed Dowan
  2666 | D:4      | Killed Duvessa
  2666 | D:4      | Reached skill level 6 in Axes
  2666 | D:4      | Reached XP level 6. HP: 55/55 MP: 5/5
  2670 | D:4      | Killed Dowan
  2670 | D:4      | Reached skill level 5 in Fighting
  2734 | D:4      | Reached *** piety under Trog
  2805 | D:4      | Reached skill level 5 in Armour
  2828 | D:4      | Found a staircase to the Ecumenical Temple.
  2956 | D:4      | Reached XP level 7. HP: 57/61 MP: 6/6
  3298 | D:5      | Entered Level 5 of the Dungeon
  3326 | D:5      | Reached skill level 7 in Axes
  3464 | D:5      | Reached **** piety under Trog
  3521 | D:5      | Found a hazy altar of Hepliaklqana.
  3661 | D:5      | Reached XP level 8. HP: 66/70 MP: 7/7
  3823 | D:5      | Reached skill level 8 in Axes
  3902 | D:5      | Found an ornate altar of the Wu Jian Council.
  4017 | D:6      | Noticed Pikel
  4033 | D:6      | Killed Pikel
  4033 | D:6      | Reached skill level 9 in Axes
  4033 | D:6      | Reached skill level 1 in Stealth
  4221 | D:6      | Reached XP level 9. HP: 51/79 MP: 8/8
  4242 | D:6      | Reached skill level 10 in Axes
  4591 | D:6      | Noticed Edmund
  4604 | D:6      | Killed Edmund
  4784 | D:7      | Found a white marble altar of Elyvilon.
  4793 | D:7      | HP: 2/81 [orc warrior/battleaxe (11)]
  4798 | D:7      | Mangled by an orc warrior

Skill      XL: |  1  2  3  4  5  6  7  8  9 |
---------------+----------------------------+-----
Fighting       | 4 5 6 7 8 |  8.0
Axes           | 4 5 6 7 9 10 | 10.6
Armour         | 3 4 5 6 7 8 |  8.1
Dodging        | 3 4 |  4.1
Stealth        | 1 |  1.1

Action                   |  1- 3 |  4- 6 |  7- 9 || total
-------------------------+-------+-------+-------++-------
Melee: Hand axe          |    83 |   155 |   224 ||   462
       Headbutt          |    13 |    20 |    50 ||    83
Invok: Berserk           |       |     2 |     1 ||     3
  Use: Scroll            |     6 |     4 |     2 ||    12
       Potion            |     2 |     1 |     4 ||     7
  Eat: Chunk             |     2 |     7 |     6 ||    15
Armor: Animal skin       |     5 |       |       ||     5
       Ring mail         |    28 |    21 |       ||    49
       Chain mail        |       |    40 |    94 ||   134
Dodge: Dodged            |    50 |    76 |   104 ||   230
